 Dungeon Crawl Stone Soup version 0.27-a0-1123-g2f9bb313c0 (webtiles) character file.

Game seed: 4736289085287886409

320 barkas the Skirmisher (level 6, -2/51 HPs)
             Began as a Demonspawn Wanderer on May 4, 2021.
             Slain by a kobold brigand
             ... wielding a +0 club
              (7 damage)
             ... on level 4 of the Dungeon.
             The game lasted 00:05:51 (4496 turns).

barkas the Skirmisher (Demonspawn Wanderer)         Turns: 4496, Time: 00:05:52

Health: -2/51      AC:  4    Str: 16    XL:     6   Next: 22%
Magic:  6/6        EV: 12    Int: 14    God:
Gold:   133        SH:  8    Dex: 10    Spells: 5/5 levels left

rFire    + + .     SeeInvis .   a - +2 spear
rCold    . . .     Faith    .   (no shield)
rNeg     . . .     Spirit   .   e - +2 robe {rF+}
rPois    +         Reflect  .   (no helmet)
rElec    .         Harm     .   (no cloak)
rCorr    .         Rampage  .   (no gloves)
Will     .....                  (no boots)
Stlth    ++........             (no amulet)
HPRegen  0.17/turn              o - ring of poison resistance
MPRegen  0.10/turn              n - ring of protection from fire

@: no status effects
A: hooves 2, large bone plates 1, condensation shield
a: no special abilities


You were on level 4 of the Dungeon.
You visited 1 branch of the dungeon, and saw 4 of its levels.

You collected 133 gold pieces.

Inventory:

Hand Weapons
 a - a +2 spear (weapon)
 d - a +0 dagger
 i - a +0 halberd
Missiles
 j - a throwing net (quivered)
Armour
 c - a +0 robe
 e - a +2 robe of fire resistance (worn)
 k - a +1 leather armour of cold resistance
Jewellery
 n - a ring of protection from fire (right hand)
 o - a ring of poison resistance (left hand)
 s - an amulet of magic regeneration
Scrolls
 f - a scroll of fog
 g - a scroll of magic mapping {unknown}
 h - 3 scrolls of teleportation {unknown}
 l - a scroll of identify {unknown}
 p - a scroll of blinking {unknown}
 r - a scroll of amnesia {unknown}
Potions
 b - a potion of curing
 m - a potion of berserk rage {unknown}
 q - a potion of heal wounds {unknown}
 t - a potion of flight {unknown}


   Skills:
 + Level 5.4 Fighting
 * Level 4.5 Polearms
 - Level 2.6 Dodging
 - Level 1.7 Stealth
 - Level 1.0 Shields


You had 5 spell levels left.
You didn't know any spells.
Your spell library contained the following spells:

 Spells                   Type           Power      Damage    Failure   Level
 Beastly Appendage        Tmut           0%         N/A       28%         1
 Wereblood                Tmut           0%         N/A       41%         2
 Spider Form              Tmut/Pois      0%         N/A       65%         3
 Ice Form                 Ice/Tmut       0%         N/A       96%         4
 Hydra Form               Tmut           0%         N/A       100%        5


Dungeon Overview and Level Annotations

Branches:
Dungeon (4/15)
 Temple: D:4-7

Altars:


Innate Abilities, Weirdness & Mutations

You have hoof-like feet.
You are partially covered in large bone plates. (SH +4)
A meltable shield of frost defends you. (SH +4)


Message History

a +0 short sword; a kobold corpse You hit the kobold brigand.
The kobold brigand is lightly wounded.
The kobold brigand hits you with a +0 club.
* * * LOW HITPOINT WARNING * * *
You hit the kobold brigand but do no damage.
The kobold brigand is lightly wounded.
You block the kobold brigand's attack.
You hit the kobold brigand.
The kobold brigand is moderately wounded.
You block the kobold brigand's attack.
You closely miss the kobold brigand. Your kick misses the kobold brigand.
The kobold brigand is moderately wounded.
The kobold brigand misses you.
You closely miss the kobold brigand.
You kick the kobold brigand, but do no damage.
The kobold brigand is moderately wounded.
You hit the kobold brigand.
The kobold brigand is moderately wounded.
The kobold brigand misses you.
You hit the kobold brigand. Your kick misses the kobold brigand.
The kobold brigand is moderately wounded.
The kobold brigand hits you with a +0 club!
* * * LOW HITPOINT WARNING * * *
You miss the kobold brigand.
The kobold brigand is moderately wounded.
The kobold brigand closely misses you.
You barely miss the kobold brigand. Your kick misses the kobold brigand.
The kobold brigand is moderately wounded.
The kobold brigand hits you with a +0 club.
* * * LOW HITPOINT WARNING * * *
Press: ? - help, v - describe, . - travel, g - get item
Here: a kobold brigand, wielding a +0 club and quivering curare-tipped darts (moderately wounded)
Items here: a +0 short sword; a kobold corpse.
The floor, spattered with blood.
Unknown command.
As you read the scroll labelled BOOSHAMIEN, it crumbles to dust.
The scroll dissolves into smoke.
It was a scroll of fog.
The kobold brigand hits you with a +0 club!
You die...

###### #....# ###.##.#
#......# ########.#.#..#
#....§#.......#
#.###§#..#.#..#
#.#§@§#<......#
#W#K#######...#
#.#....W......#
#############.#############
......KK..W.K.#
.############## )### )..#
...#


You could see a kobold brigand.

Vanquished Creatures
  Blork the orc (D:4)
  2 iguanas (D:4)
  An orc wizard (D:3)
  A killer bee zombie (D:2)
  6 gnolls
  3 adders
  A worm (D:3)
  2 orcs (D:3)
  4 bats
  6 endoplasms
  3 giant cockroaches
  6 goblins
  6 hobgoblins
  3 jackals (D:1)
  3 quokkas
  9 ball pythons
  3 frilled lizards
  7 kobolds
  4 rats
71 creatures vanquished.

Vanquished Creatures (others)
  28 plants (D:2)
28 creatures vanquished.

Grand Total: 99 creatures vanquished

Notes
Turn   | Place    | Note
-------+----------+-------------------------------------------
     0 | D:1      | barkas the Demonspawn Wanderer began the quest for the Orb.
     0 | D:1      | barkas set off with the following items: a +2 spear, 2
                  | potions of curing, a +0 robe, a +0 dagger
     0 | D:1      | Reached XP level 1. HP: 19/19 MP: 1/1
   262 | D:1      | Reached skill level 1 in Polearms
   339 | D:1      | Gained mutation: A meltable shield of frost defends you.
                  | (SH +4) [demonic ancestry]
   339 | D:1      | Reached XP level 2. HP: 18/25 MP: 2/2
  1333 | D:1      | Reached XP level 3. HP: 8/31 MP: 3/3
  1889 | D:2      | Gained mutation: You are partially covered in large bone
                  | plates. (SH +4) [demonic ancestry]
  1889 | D:2      | Reached XP level 4. HP: 31/38 MP: 4/4
  2891 | D:3      | Found a faded altar of an unknown god.
  3008 | D:3      | HP: 1/38 [orc/+0 hand axe (5)]
  3011 | D:3      | Gained mutation: You have large cloven feet. [demonic
                  | ancestry]
  3011 | D:3      | Reached XP level 5. HP: 2/43 MP: 5/5
  3914 | D:4      | Reached skill level 5 in Fighting
  4416 | D:4      | Noticed Blork the orc
  4416 | D:4      | Noticed a phantom
  4429 | D:4      | HP: 1/44 [Blork the orc/puff of frost (10)]
  4433 | D:4      | Killed Blork the orc
  4434 | D:4      | Gained mutation: You have hoof-like feet. [demonic
                  | ancestry]
  4434 | D:4      | Reached XP level 6. HP: 12/51 MP: 6/6
  4496 | D:4      | Slain by a kobold brigand

Illustrated notes

Levels and vault maps discovered:
D:1:      lightli_arrival_lavapool, layout_basic
D:2:      layout_rooms, serial_bayou, serial_bayou_lagoon_b,
          serial_bayou_pond_a, serial_bayou_pond_e, serial_bayou_lagoon_a,
          kennysheep_path_1
D:3:      layout_basic, ebering_ecumenical_altar_box
D:4:      layout_basic, serial_glass, glass_columns_c, glass_columns_a,
          uniq_blork_the_orc

Skill      XL: |  1  2  3  4  5 |
---------------+----------------+-----
Polearms       | 1 2 3 4 |  4.5
Fighting       | 5 |  5.4
Dodging        | |  2.6
Stealth        | |  1.7
Shields        | |  1.0

Action                   |  1- 3 |  4- 6 || total
-------------------------+-------+-------++-------
Melee: Spear             |   117 |   177 ||   294
       Kick              |       |    17 ||    17
  Use: Potion            |     1 |     3 ||     4
       Scroll            |       |     1 ||     1
 Stab: Sleeping          |     5 |     7 ||    12
Armor: Robe              |    20 |    16 ||    36
Dodge: Dodged            |    94 |    53 ||   147
Block: Other             |    18 |    41 ||    59

Table legend: (Time is in decaauts)
 A = Elapsed time spent in this place.
 B = Non-inter-level travel time spent in this place.
 C = Inter-level travel time spent in this place.
 D = Time resting spent in this place.
 E = Time spent auto-exploring this place.
 F = Levels seen in this place.
 G = Mean time per level.
                   A        B        C        D        E       F      G
               +--------+--------+--------+--------+--------+-----+--------+
         Total |   4522 |   4453 |     69 |   1083 |   2507 |   4 | 1130.5 |
       Dungeon |   4522 |   4453 |     69 |   1083 |   2507 |   4 | 1130.5 |
               +--------+--------+--------+--------+--------+-----+--------+

Top non-repeatable levels by time:
     D:1: 1830 daAuts
     D:3: 1309 daAuts
     D:2: 977 daAuts
     D:4: 404 daAuts
